Construct Section Command Post
Construct Field Infirmary
Construct Platoon Command Post
Selects Australian Defense Battlegroup
Selects Australian Light Infantry Section
Selects 2-pounder Anti-tank Gun Team
Unlock M3 Stuart Light Tanks
Selects Vehicle Over Repair
2-pounder Anti-tank Gun Team
Selects CMP 15cwt Supply Run
Selects Artillery Trip Wire Flares
Construct Company Command Post
Australian Light Infantry Section
Unlock M3 Grant Medium Tanks
Selects Archer Tank Destroyer